 Dungeon Crawl Stone Soup version 0.15.2 (webtiles) character file.

1010 JackS81 the Spear-Bearer (level 8, 0/87 HPs)
             Began as a Human Death Knight on Aug 19, 2017.
             Was a Believer of Yredelemnul.
             Succumbed to an orc wizard's poison
             ... on Level 5 of the Dungeon.
             The game lasted 00:35:51 (4805 turns).

JackS81 the Spear-Bearer (Human Death Knight)       Turns: 4805, Time: 00:35:51

HP   0/87        AC  6     Str 22      XL: 8   Next: 44%
MP  15/15        EV 11     Int 11      God: Yredelemnul [**....]
Gold 254         SH  0     Dex 16      Spells:  1 memorised,  6 levels left

rFire  . . .     SeeInvis .     a - +1 spear
rCold  . . .     Clarity  .     b - +0 leather armour
rNeg   . . .     rCorr    .     (no shield)
rPois  .         rRot     .     (no helmet)
rElec  .         Spirit   .     f - +2 cloak
SustAb .         Warding  .     (no gloves)
rMut   .         Stasis   .     (no boots)
Gourm  .                        (no amulet)
MR     .....                    (no ring)
                                u - +4 ring of dexterity

@: mighty, berserking, lethally poisoned, very quick, not resistant to hostile
enchantments, extremely unstealthy
A: no striking features
a: Animate Remains, Recall Undead Slaves, Injury Mirror, Renounce Religion


You were on level 5 of the Dungeon.
You worshipped Yredelemnul.
Yredelemnul was pleased with you.
You were not hungry.

You visited 1 branch of the dungeon, and saw 5 of its levels.

You collected 254 gold pieces.

Inventory:

Hand weapons
 a - a +1 spear (weapon)
 k - a +0 hunting sling
 q - a +0 trident
 w - a +0 blowgun
 G - a +0 hunting sling
 J - a +0 vampiric spear
Missiles
 e - 7 silver sling bullets
 g - 36 stones (quivered)
 h - 64 bolts
 n - 3 needles of frenzy
 o - 41 sling bullets
 x - 13 poisoned needles
 y - 40 arrows
 A - 13 sling bullets of flame
 N - 13 poisoned bolts
Armour
 b - a +0 leather armour (worn)
 f - a +2 cloak (worn)
Magical devices
 r - a wand of teleportation (2) {unknown}
 s - a wand of digging (11) {unknown}
Comestibles
 c - 3 bread rations
 d - 3 meat rations
 C - 2 fruits
 O - 8 rotting chunks of orc flesh
Scrolls
 i - 3 scrolls of teleportation {unknown}
 j - a scroll of fear {unknown}
 m - 6 scrolls of identify {unknown}
 p - 2 scrolls of recharging {unknown}
 B - 2 scrolls of immolation {unknown}
 I - a scroll of magic mapping {unknown}
Jewellery
 u - a +4 ring of dexterity (left hand)
Potions
 t - a potion of brilliance {unknown}
 z - 2 potions of might
 D - 2 potions of berserk rage
 E - a potion of agility {unknown}
 F - a potion of heal wounds {unknown}
Books
 l - a book of Hinderance

   Spells                             Type                      Level
   Confusing Touch                    Hexes                        2
   Confuse                            Hexes                        3
   Petrify                            Transmutation/Earth          4
   Leda's Liquefaction                Hexes/Earth                  4
   Metabolic Englaciation             Hexes/Ice                    5
   Summon Mana Viper                  Hexes/Summoning              5
 v - a book of Beasts

   Spells                             Type                      Level
   *Summon Butterflies                Summoning                    1
   Call Canine Familiar               Summoning                    3
   Summon Ice Beast                   Ice/Summoning                4
   Summon Mana Viper                  Hexes/Summoning              5
   Monstrous Menagerie                Summoning                    6
   Summon Hydra                       Summoning                    7
 H - a book of Alchemy

   Spells                             Type                      Level
   Sublimation of Blood               Necromancy                   2
   Alistair's Intoxication            Transmutation/Poison         4
   Condensation Shield                Ice                          4
   Petrify                            Transmutation/Earth          4
   Ignite Poison                      Fire/Transmutation           5


   Skills:
 + Level 3.4 Fighting
 * Level 8.1 Polearms
 - Level 0.6 Slings
 - Level 1.0 Armour
 - Level 1.0 Dodging
 - Level 5.0 Invocations


You had 6 spell levels left.
You knew the following spells:

 Your Spells              Type           Power        Failure   Level  Hunger
a - Summon Butterflies    Summ           #.......     34%         1    ##.....


Dungeon Overview and Level Annotations

Branches:
Dungeon (5/15)
 Temple: D:4-7

Altars:


Message History

* * * LOW HITPOINT WARNING * * *
You feel sick.
The puff of flame hits your scorpion zombie.
* * * LOW HITPOINT WARNING * * *
You feel sick.
You feel very mighty all of a sudden.
It was a potion of might.
* * * LOW HITPOINT WARNING * * *
You feel sick.
A red film seems to cover your vision as you go berserk!
You feel yourself moving faster!
You feel mighty!
It was a potion of berserk rage.
* * * LOW HITPOINT WARNING * * *
You feel sick.
You are too berserk!
You feel a strong urge to attack something.
Something hits your scorpion zombie.
Your scorpion zombie is destroyed!
You die...
Your body rises from the dead as a mindless zombie.

##.##.#
####.######.......#
#####.#####
#..Z....# ##.....##
#.........#
#.##.##.# ##...##
#.###.###.#
#.##.##.# ##'##
###.##..# #.#
#.##..#.# #.#
..#.##.####.#
#.###.#.### ##.####
#.#....ZZ.Z.#
#.........# #.....#
#Z####.######
#.###.#.#.###.....#
...###.#
#.@.....#.##....<..
....##Z#
#.###.###.###.....#
.....#)# #.#
#..............
.....Z)#
#.#####.#..PPP..###
.....###
#..).oo..PP≈≈≈≈P# #
..>.##
#######.#≈≈≈P≈≈≈≈P#
...## #.PPP♣♣♣P≈P##
#### #..≈♣♣ ♣≈≈P##


#PPPP♣ ♣♣≈(.. There were no monsters in sight!

Vanquished Creatures
  A sky beast (D:5)
  3 ogres (D:4)
  2 killer bees (D:4)
  2 crimson imps (D:5)
  A gnoll shaman (D:5)
  A jelly (D:5)
  3 worker ants (D:5)
  3 orc wizards
  A hound zombie (D:5)
  4 adders
  4 gnolls (D:5)
  A giant mite (D:5)
  A worm (D:2)
  An ooze (D:4)
  14 orcs
  6 bats
  5 giant cockroaches
  9 hobgoblins
  3 jackals (D:5)
  A quokka (D:2)
  A ball python (D:3)
  A giant gecko (D:3)
  3 giant newts
  9 goblins
  A hobgoblin skeleton (D:4)
  9 kobolds
  6 rats
96 creatures vanquished.

Vanquished Creatures (collateral kills)
  A scorpion (D:5)
  A killer bee (D:4)
  An orc wizard (D:5)
  2 adders
  A giant mite (D:3)
  A worm (D:3)
  An orc (D:5)
  2 bats
  A goblin (D:3)
  A giant cockroach (D:1)
  2 giant newts
  A rat (D:1)
  A rat zombie (D:5)
16 creatures vanquished.

Vanquished Creatures (others)
  An ogre zombie (D:4)
  3 worker ant zombies (D:5)
  A scorpion zombie (D:5)
  An adder zombie (D:3)
  A bat zombie (D:3)
  A giant cockroach zombie (D:5)
  2 goblin zombies
  A hobgoblin zombie (D:2)
  2 orc zombies (D:5)
13 creatures vanquished.

Grand Total: 125 creatures vanquished

Notes
Turn   | Place    | Note
--------------------------------------------------------------
     0 | D:1      | JackS81, the Human Death Knight, began the quest for the Orb.
     0 | D:1      | Reached XP level 1. HP: 16/16 MP: 2/2
   303 | D:1      | Reached XP level 2. HP: 16/22 MP: 4/4
   842 | D:2      | Reached XP level 3. HP: 12/27 MP: 5/5
  1083 | D:2      | Reached skill level 4 in Invocations
  1490 | D:2      | Reached XP level 4. HP: 29/33 MP: 7/7
  1739 | D:2      | Acquired Yredelemnul's second power
  2131 | D:3      | Reached XP level 5. HP: 38/38 MP: 9/9
  2547 | D:4      | Noticed an ogre
  2556 | D:4      | Killed an ogre
  2556 | D:4      | Reached skill level 5 in Polearms
  2556 | D:4      | Reached XP level 6. HP: 31/44 MP: 10/10
  2966 | D:4      | Noticed an ogre
  2992 | D:4      | Killed an ogre
  3238 | D:4      | Reached skill level 6 in Polearms
  3238 | D:4      | Reached XP level 7. HP: 50/50 MP: 13/13
  3286 | D:4      | Reached skill level 5 in Invocations
  3728 | D:4      | Learned a level 1 spell: Summon Butterflies
  3729 | D:5      | Entered Level 5 of the Dungeon
  3881 | D:5      | Reached skill level 7 in Polearms
  4020 | D:5      | Reached XP level 8. HP: 29/57 MP: 15/15
  4492 | D:5      | Reached skill level 8 in Polearms
  4801 | D:5      | HP: 2/58 [poisoned by an orc wizard]
  4805 | D:5      | Succumbed to an orc wizard's poison

Action                   |  1- 3 |  4- 6 |  7- 9 || total
-------------------------+-------+-------+-------++-------
Melee: Spear             |   102 |   111 |   209 ||   422
 Fire: Hunting sling     |    11 |    14 |       ||    25
       Blowgun           |       |    41 |    16 ||    57
Throw: Stone             |    19 |       |       ||    19
Invok: Animate Remains   |     4 |     8 |    11 ||    23
       Injury Mirror     |       |     2 |     2 ||     4
  Use: Potion            |     1 |       |     3 ||     4
 Stab: Sleeping          |       |     4 |     4 ||     8
  Eat: Chunk             |     1 |     4 |     4 ||     9
       Beef jerky        |     1 |     1 |     1 ||     3
       Fruit             |       |     1 |     1 ||     2
